 Dungeon Crawl Stone Soup version 0.28.0-47-ge53b351184 (webtiles) character file.

Game seed: 15212619280520059353

518 Peloso the Slasher (level 7, -3/90 HPs)
             Began as a Minotaur Fighter on Apr 29, 2022.
             Was an Initiate of Okawaru.
             Slain by a gnoll
             ... wielding a +0 spear
              (4 damage)
             ... on level 5 of the Dungeon.
             The game lasted 00:06:40 (4107 turns).

Peloso the Slasher (Minotaur Fighter)               Turns: 4107, Time: 00:06:40

Health: -3/90      AC: 23    Str: 26    XL:     7   Next: 1%
Magic:  0/6        EV:  2    Int:  5    God:    Okawaru [......]
Gold:   231        SH:  5    Dex: 12    Spells: 6/6 levels left

rFire   + . .      SeeInvis .   a - +0 long sword
rCold   + + .      Faith    .   c - +0 buckler
rNeg    . . .      Spirit   +   (armour currently unavailable)
rPois   +          Reflect  .   (helmet currently unavailable)
rElec   +          Harm     .   (cloak currently unavailable)
rCorr   +          Rampage  .   (gloves currently unavailable)
Will    .....      NoTele   +   (boots currently unavailable)
Stlth   +.........              f - amulet of guardian spirit
HPRegen 0.25/turn               p - +6 ring of strength
MPRegen 0.10/turn               r - ring of protection from cold

@: brilliant, tree-form, resistant, hasted, very quick
A: stationary, stasis, torment immunity, boosted hp, (horns 2), (retaliatory
headbutt)
a: Renounce Religion


You were on level 5 of the Dungeon.
You worshipped Okawaru.
Okawaru was noncommittal.
You were a tree.
You visited 2 branches of the dungeon, and saw 6 of its levels.

You collected 231 gold pieces.

Inventory:

Hand Weapons
 a - a +0 long sword (weapon)
Missiles
 B - 2 throwing nets (quivered)
Armour
 b - a +0 scale mail
 c - a +0 buckler (worn)
 q - a +0 cloak of stealth (melded)
 u - a +0 pair of gloves (melded)
 x - a +0 plate armour (melded)
Jewellery
 f - an amulet of guardian spirit (around neck)
 p - a +6 ring of strength (left branch)
 r - a ring of protection from cold (right branch)
 s - a +4 ring of evasion
 w - a +6 ring of strength
 z - a ring of resist corrosion
Wands
 t - a wand of acid (4)
Scrolls
 e - 4 scrolls of identify {unknown}
 h - 2 scrolls of blinking {unknown}
 l - a scroll of holy word {unknown}
 o - 2 scrolls of vulnerability {unknown}
 v - 3 scrolls of teleportation {unknown}
 y - a scroll of enchant armour {unknown}
 A - a scroll of summoning {unknown}
Potions
 d - a potion of might
 k - 3 potions of lignification
 n - 3 potions of brilliance


   Skills:
 + Level 4.9 Fighting
 + Level 6.1 Long Blades
 + Level 5.6 Armour
 + Level 1.1 Dodging
 + Level 0.2 Stealth
 + Level 5.0 Shields


You had 6 spell levels left.
You didn't know any spells.
Your spell library was empty.

Dungeon Overview and Level Annotations

Branches:
Dungeon (5/15)             Temple (1/1) D:4

Altars:
Ashenzari
Kikubaaqudgha
Okawaru
Qazlal


Innate Abilities, Weirdness & Mutations

You are a tree.
Your roots penetrate the ground, keeping you stationary.
You cannot be teleported.
You are immune to unholy pain and torment.
Your maximum health is greatly increased.
Your equipment is partially melded.
((You have a pair of horns on your head.))
((You reflexively headbutt those who attack you in melee.))


Message History

The gnoll hits you from afar with a +0 spear.
* * * LOW HITPOINT WARNING * * *
Your Shields skill increases to level 5!
Aiming: Corrosive Bolt
Press: ? - help, Shift-Dir - straight line, f - gnoll
Aim: a gnoll, wielding a +0 club (almost dead, covered in acid, 75% to hit)
The bolt of acid hits the gnoll!
You kill the gnoll!
Okawaru accepts your kill. You block the gnoll's attack.
The gnoll hits you but does no damage.
You have reached level 7!
Aiming: Corrosive Bolt
Press: ? - help, Shift-Dir - straight line, f - gnoll
Aim: a gnoll, wielding a +0 halberd (75% to hit)
The bolt of acid hits the gnoll!
The acid corrodes the gnoll!
The gnoll is heavily wounded.
The gnoll hits you from afar with a +0 halberd!
* * * LOW HITPOINT WARNING * * *
The gnoll hits you but does no damage.
It was a potion of brilliance.
You feel clever all of a sudden. The gnoll hits you but does no damage.
You block the gnoll's attack.
It was a potion of magic.
Magic courses through your body.
The gnoll hits you from afar with a +0 halberd.
* * * LOW HITPOINT WARNING * * *
The gnoll hits you but does no damage.
It was a potion of haste.
You feel yourself speed up. The gnoll hits you but does no damage.
The gnoll barely misses you.
It was a potion of resistance.
You feel protected. You block the gnoll's attack.
The gnoll hits you but does no damage.
Aiming: Corrosive Bolt
Press: ? - help, Shift-Dir - straight line, f/p - gnoll
Aim: a gnoll, wielding a +0 halberd (heavily wounded, covered in acid, 75% to hit)
The bolt of acid hits the gnoll!!
The gnoll seems to be corroded for longer.
You kill the gnoll!
Okawaru accepts your kill.
The gnoll hits you from afar with a +0 spear.
You die...

##... .>.# ..#
#..# ### #.# #..#
≈≈# #.# #..# #≈#
#.# #..# ######≈#
#.# #... #..g#≈≈##
#.# ##.#
#!.))♣..###.#
####.#
#..)#≈≈(....#
#....#
######≈####.#
#.#### #≈# #.#
#.####
≈≈####.#####.#...
####..........#.##
#.##.####..#.# #
#.# #..#.# # #.#
#..#.#


You could see a gnoll.

Vanquished Creatures
  A sky beast (D:4)
  A gnoll sergeant (D:5)
  A wyvern zombie (D:5)
  An orc priest (D:3)
  Crazy Yiuf (D:3)
  3 orc wizards (D:3)
  A hound skeleton (D:4)
  3 gnolls (D:5)
  A howler monkey skeleton (D:4)
  2 adders (D:3)
  4 worms
  2 dart slugs (D:3)
  10 orcs (D:3)
  6 bats
  10 endoplasms
  4 giant cockroaches
  5 hobgoblins
  5 jackals (D:1)
  9 quokkas
  2 ball pythons
  A frilled lizard (D:2)
  10 goblins
  6 kobolds
  7 rats
96 creatures vanquished.

Notes
Turn   | Place    | Note
-------+----------+-------------------------------------------
     0 | D:1      | Peloso the Minotaur Fighter began the quest for the Orb.
     0 | D:1      | Reached XP level 1. HP: 19/19 MP: 0/0
   211 | D:1      | Reached XP level 2. HP: 27/27 MP: 1/1
  1181 | D:2      | Reached XP level 3. HP: 22/33 MP: 2/2
  1299 | D:2      | Reached skill level 3 in Long Blades
  1499 | D:2      | Found a faded altar of an unknown god.
  2244 | D:3      | Reached skill level 1 in Dodging
  2259 | D:3      | Reached XP level 4. HP: 37/40 MP: 3/3
  2358 | D:3      | Reached skill level 4 in Long Blades
  2358 | D:3      | Reached XP level 5. HP: 37/47 MP: 4/4
  2530 | D:3      | Identified the +7 mace of Catuc {venom, rC- rCorr Int+4}
  2640 | D:3      | Found a runed translucent door.
  2641 | D:3      | Noticed Crazy Yiuf
  2645 | D:3      | Killed Crazy Yiuf
  2646 | D:3      | Reached skill level 5 in Armour
  3595 | D:4      | Reached skill level 5 in Long Blades
  3657 | D:4      | Found an ancient bone altar of Kikubaaqudgha.
  3672 | D:4      | Reached XP level 6. HP: 53/53 MP: 5/5
  3672 | D:4      | Noticed a sky beast
  3701 | D:4      | Killed a sky beast
  3830 | D:4      | Found a staircase to the Ecumenical Temple.
  3839 | Temple   | Entered the Ecumenical Temple
  3852 | Temple   | Became a worshipper of Warmaster Okawaru
  4013 | D:5      | Entered Level 5 of the Dungeon
  4099 | D:5      | Reached skill level 6 in Long Blades
  4101 | D:5      | Reached skill level 5 in Shields
  4102 | D:5      | Reached XP level 7. HP: 9/60 MP: 1/6
  4102 | D:5      | HP: 1/90 [gnoll/+0 halberd (8)]
  4107 | D:5      | Slain by a gnoll

Illustrated notes

Levels and vault maps discovered:
D:1:      dpeg_arrival_shrine, layout_loops_ring, lemuel_flame_loot_1
D:2:      layout_basic, hellmonk_ecumenical_altar_lost_god,
          serial_park_tiny_pond
D:3:      cheibrodos_helix_gallery, layout_basic, kennysheep_donut,
          minmay_joined_circles, uniq_crazy_yiuf_cottage
D:4:      layout_rooms, overflow_temple_1_default, minmay_temple_entry_trees,
          grunt_ministairs_3
D:5:      layout_loops_ring, serial_shops, nicolae_inconvenience_store,
          nicolae_ossuary_entry_monument, st_stairs_2, lightli_minifort
Temple:   regret_index_temple_waves

Skill      XL: |  1  2  3  4  5  6 |
---------------+-------------------+-----
Fighting       | 4 |  4.9
Armour         | 4 5 |  5.6
Shields        | 4 5 |  5.0
Long Blades    | 3 4 5 6 |  6.1
Dodging        | 1 |  1.1
Stealth        | |  0.2

Action                   |  1- 3 |  4- 6 |  7- 9 || total
-------------------------+-------+-------+-------++-------
Melee: Long sword        |   105 |   136 |       ||   241
       Headbutt          |    15 |    18 |       ||    33
Evoke: Wand              |       |     3 |     2 ||     5
  Use: Potion            |       |     2 |     4 ||     6
Armor: Scale mail        |    42 |    23 |       ||    65
       Plate armour      |       |    43 |       ||    43
       Skin              |       |    39 |     5 ||    44
Dodge: Dodged            |    73 |    44 |     1 ||   118
Block: Buckler           |    24 |    45 |     2 ||    71
